 Dungeon Crawl Stone Soup version 0.30-a0-916-g9813417 (webtiles) character file.

Game seed: 4739673514416585085

60 Think the Shield-Bearer (level 4, -2/31 HPs)
             Began as an Octopode Fighter on Mar 21, 2023.
             Slain by a gnoll
             ... wielding a +0 club
              (9 damage)
             ... on level 2 of the Dungeon.
             The game lasted 00:01:11 (730 turns).

Think the Shield-Bearer (Octopode Fighter)           Turns: 730, Time: 00:01:11

Health: -2/31      AC:  1    Str: 15    XL:     4   Next: 6%
Magic:  4/4        EV: 28    Int: 10    God:
Gold:   54         SH:  5    Dex: 13    Spells: 3/3 levels left

rFire   . . .      SeeInvis .    a - +0 long sword
rCold   . . .      Faith    .    b - +0 buckler
rNeg    . . .      Spirit   .    (helmet restricted)
rPois   .          Reflect  .    d - amulet of the acrobat
rElec   .          Rampage  .    (no ring)
rCorr   .                        (no ring)
Will    .....                    (no ring)
Stlth   ++                       (no ring)
HPRegen 0.25/turn                (no ring)
MPRegen 0.09/turn                (no ring)
                                 (no ring)
                                 (no ring)

@: acrobatic
A: almost no armour, amphibious, 8 rings, camouflage 1, gelatinous body 1,
(nimble swimmer 1), tentacles
a: no special abilities


You were on level 2 of the Dungeon.
You visited 1 branch of the dungeon, and saw 2 of its levels.

You collected 54 gold pieces.

Inventory:

Hand Weapons
 a - a +0 long sword (weapon)
Armour
 b - a +0 buckler (worn)
Jewellery
 d - an amulet of the acrobat (around mantle)
Scrolls
 e - 2 scrolls of amnesia {unknown}
 g - a scroll of fog {unknown}
 h - a scroll of fear {unknown}
 i - 3 scrolls of enchant armour {unknown}
 j - a scroll of identify {unknown}
 l - a scroll of summoning {unknown}
Potions
 c - a potion of might
 f - a potion of curing {unknown}
 k - a potion of brilliance {unknown}


   Skills:
 + Level 3.5 Fighting
 + Level 2.6 Long Blades
 + Level 3.5 Dodging
 + Level 3.5 Shields


You had 3 spell levels left.
You didn't know any spells.
Your spell library contained the following spells:

 Spells                   Type           Power      Damage    Failure   Level
 Apportation              Tloc           0%         N/A       45%         1
 Inner Flame              Hex/Fire       0%         N/A       83%         3
 Cause Fear               Hex            0%         N/A       99%         4
 Alistair's Intoxication  Tmut/Pois      0%         N/A       100%        5
 Discord                  Hex            0%         N/A       100%        8


Dungeon Overview and Level Annotations

Branches:
Dungeon (2/15)

Altars:


Innate Abilities, Weirdness & Mutations

You cannot wear most types of armour.
You are amphibious.
You can wear up to eight rings at the same time.
Your skin changes colour to match your surroundings (Stealth+).
Your rubbery body absorbs attacks. (AC +1, EV +1)
((You are camouflaged when in or above water. (Stealth+)))
You have tentacles for arms and can constrict up to eight enemies at once.


Message History

Found a stone staircase leading up.
There is a dry fountain here.
A rat comes into view.
A rat is nearby!
The rat completely misses you.
You hit the rat.
You kill the rat!
No target in view!
No target in view!
No target in view!
No target in view!
No target in view!
No target in view!
No target in view!
No target in view!
No target in view!
Found a leather armour. 2 gnolls come into view.
There are monsters nearby!
The gnoll shouts!
A gnoll comes into view. It is wielding a +0 club.
The gnoll shouts! x2
Found a runed ring mail.
The gnoll misses you.
You slash the gnoll! You grab the gnoll.
The gnoll is severely wounded.
You constrict the gnoll.
You kill the gnoll!
The gnoll hits you from afar with a +0 halberd!
You have reached level 4!
The gnoll attacks as you move away! The gnoll closely misses you.
The gnoll attacks as you move away! The gnoll closely misses you.
The gnoll attacks as you move away! The gnoll barely misses you.
The gnoll hits you with a +0 club.
The gnoll hits you from afar with a +0 halberd!
* * * LOW HITPOINT WARNING * * *
The gnoll attacks as you move away! The gnoll completely misses you.
The gnoll attacks as you move away! The gnoll closely misses you.
The gnoll attacks as you move away! The gnoll completely misses you.
The gnoll attacks as you move away! The gnoll hits you with a +0 club!
You die...

#.###.# #8...8#.# ### #..<#.#
##...##.# #.. #######.# #...##.#
#.##
........#######...##.#########...
.............#8...8#.....#....)..
....<.....#####...##.###...# #.#
#.#.......# #......####..# #.#
#.#############......##...####.#
#.......).......@gg............#
####....###..####.##......######
.>.'....+....8#....+......#
####....###..##.####[.....# #
#....# #..##. #......# # #....#
#..## #......# # #....# #..8#
#......# # ###### #..## #......#
# #..#


You could see 2 gnolls.

Vanquished Creatures
  Jessica (D:2)
  A gnoll (D:2)
  An adder (D:2)
  2 endoplasms
  3 goblins
  A hobgoblin (D:1)
  A ball python (D:1)
  2 bats
  2 frilled lizards (D:1)
  3 kobolds
  3 rats
20 creatures vanquished.

Notes
Turn   | Place    | Note
-------+----------+-------------------------------------------
     0 | D:1      | Think the Octopode Fighter began the quest for the Orb.
     0 | D:1      | Reached XP level 1. HP: 16/16 MP: 1/1
   199 | D:1      | Reached XP level 2. HP: 15/21 MP: 2/2
   322 | D:1      | You fall into a shaft and drop 1 floor!
   323 | D:2      | Found a faded altar of an unknown god.
   589 | D:2      | Noticed Jessica
   593 | D:2      | Killed Jessica
   594 | D:2      | Reached XP level 3. HP: 25/26 MP: 3/3
   713 | D:2      | Reached XP level 4. HP: 19/31 MP: 4/4
   730 | D:2      | Slain by a gnoll

Illustrated notes

Levels and vault maps discovered:
D:1:      sevenhm_arrival_forest_fort_small_3, layout_rooms,
          serial_bayou_crossing
D:2:      minmay_skewed_foursquare, layout_basic,
          hellmonk_ecumenical_altar_arch_garden, serial_corexii_hall,
          corexii_hall_statues_l, chequers_hall_statues_wall_a, uniq_natasha,
          uniq_jessica

Action                     |  1- 3 |  4- 6 || total
---------------------------+-------+-------++-------
  Melee: Long sword        |    34 |       ||    34
         Constrict         |     9 |       ||     9
         Tentacles         |     5 |       ||     5
   Stab: Sleeping          |     3 |       ||     3
 Armour: Skin              |     3 |       ||     3
  Dodge: Dodged            |    20 |     6 ||    26
  Block: Buckler           |    10 |       ||    10

Table legend: (Time is in decaauts)
 A = Elapsed time spent in this place.
 B = Non-inter-level travel time spent in this place.
 C = Inter-level travel time spent in this place.
 D = Time resting spent in this place.
 E = Time spent auto-exploring this place.
 F = Levels seen in this place.
 G = Mean time per level.
                   A        B        C        D        E       F      G
               +--------+--------+--------+--------+--------+-----+--------+
         Total |    740 |    740 |      0 |    158 |    424 |   2 |  370.0 |
       Dungeon |    740 |    740 |      0 |    158 |    424 |   2 |  370.0 |
               +--------+--------+--------+--------+--------+-----+--------+

Top non-repeatable levels by time:
     D:2: 412 daAuts
     D:1: 328 daAuts
